 Dungeon Crawl Stone Soup version 0.26-a0-52-gd53d4cd (webtiles) character file.

Game seed: 8118698205907974696

1964 thirtiethelement the Shield-Bearer (level 9, -10/65 HPs)
             Began as a Gnoll Fighter on June 7, 2020.
             Was a Believer of Okawaru.
             Mangled by a small abomination (11 damage)
             ... on level 2 of the Abyss.
             The game lasted 00:10:00 (4409 turns).

thirtiethelement the Shield-Bearer (Gnoll Fighter)  Turns: 4409, Time: 00:10:01

Health: -10/65     AC: 11    Str: 23    XL:     9   Next: 19%
Magic:  4/4        EV: 15    Int: 10    God:    Okawaru [**....]
Gold:   330        SH: 11    Dex: 14    Spells: 15/15 levels left

rFire    . . .     SeeInvis .   u - +2 war axe (antimagic)
rCold    + . .     Gourm    .   c - +0 kite shield
rNeg     . . .     Faith    .   b - +1 scale mail
rPois    .         Spirit   .   (no helmet)
rElec    .         Reflect  .   l - +1 cloak
rCorr    .         Harm     .   (no gloves)
MR       .....                  (no boots)
Stlth    +.........             (no amulet)
HPRegen  0.00/turn              v - ring of protection from cold
MPRegen  0.09/turn              m - +4 ring of evasion

@: non-regenerating, badly diseased, studying Dodging
A: distributed training, fangs 1, frail 1, wild magic 1, strong nose
a: Heroism, Renounce Religion


You were on level 2 of the Abyss.
You worshipped Okawaru.
Okawaru was pleased with you.
You were not hungry.

You visited 1 branch of the dungeon, and saw 5 of its levels.
You visited the Abyss 1 time.

You collected 330 gold pieces.

Inventory:

Hand Weapons
 a - a +0 war axe
 s - the +8 mace of Malaise {distort, rPois MR- Str+3}
   (You found it on level 4 of the Dungeon)

   It warps and distorts space around it.
   Unwielding it can cause banishment or high damage.
   It affects your strength (+3).
   It protects you from poison.
   It affects your resistance to hostile enchantments.
 u - a +2 antimagic war axe (weapon)
Missiles
 p - 13 silver javelins (quivered)
Armour
 b - a +1 scale mail (worn)
 c - a +0 kite shield (worn)
 l - a +1 cloak (worn)
 x - the cursed +0 chain mail of Dishonour {rPois Int+3 Dex-3 Stlth+, unknown}
   (You found it on level 2 of the Abyss)

   It affects your intelligence (+3).
   It affects your dexterity (-3).
   It protects you from poison.
   It makes you more stealthy.
   It has a curse placed upon it.
 y - a +0 chain mail of fire resistance
Jewellery
 j - an uncursed ring of resist corrosion
 m - a +4 ring of evasion (right hand)
 v - a ring of protection from cold (left hand)
Wands
 g - a wand of polymorph (10)
 h - a wand of paralysis (8)
 k - a wand of flame (28)
 w - a wand of enslavement (6)
Scrolls
 n - a scroll of identify
Potions
 d - a potion of might
 e - 3 potions of lignification
 i - a potion of haste {unknown}
 o - a potion of brilliance
 q - a potion of flight
Books
 r - a manual of Dodging
Comestibles
 f - 14 rations


   Skills:
 + Level 7.7 Fighting
 + Level 3.9 Short Blades
 + Level 3.9 Long Blades
 + Level 6.1 Axes
 + Level 3.9 Maces & Flails
 + Level 3.9 Polearms
 + Level 3.9 Staves
 + Level 3.9 Slings
 + Level 3.9 Bows
 + Level 3.9 Crossbows
 + Level 3.9 Throwing
 + Level 7.7 Armour
 + Level 4.4 Dodging
 + Level 3.9 Stealth
 + Level 7.7 Shields
 + Level 3.9 Unarmed Combat
 + Level 3.9 Spellcasting
 + Level 3.2 Conjurations
 + Level 3.2 Hexes
 + Level 3.2 Charms
 + Level 3.2 Summonings
 + Level 3.2 Necromancy
 + Level 3.2 Translocations
 + Level 3.2 Transmutations
 + Level 3.2 Fire Magic
 + Level 3.2 Ice Magic
 + Level 3.2 Air Magic
 + Level 3.2 Earth Magic
 + Level 3.2 Poison Magic
 + Level 4.3 Invocations
 + Level 3.9 Evocations


You had 15 spell levels left.
You didn't know any spells.
Your spell library was empty.

Dungeon Overview and Level Annotations

Branches:
Dungeon (5/15)             Temple (0/1) D:5

Altars:
Hepliaklqana
Kikubaaqudgha
Makhleb
Okawaru
Sif Muna
Trog
Vehumet
Wu Jian
Xom


Innate Abilities, Weirdness & Mutations

Your experience applies equally to all skills.
You have very sharp teeth.
Your uncanny sense of smell can sniff out nearby items.
You are frail. (-10% HP)
Your spells are a little harder to cast, but a little more powerful.


Message History

The white imp grins evilly.
The white imp picks up a beetle and eats it.
A small abomination comes into view.
You feel ill.
Found a chain mail.
You block the small abomination's attack.
You feel ill.
You block the small abomination's attack.
You block the small abomination's attack.
A large abomination comes into view.
Found 27 gold pieces.
You block the small abomination's attack.
You block the small abomination's attack.
The white imp lashes its tail.
The small abomination closely misses you.
You block the small abomination's attack.
You block the quasit's attack. The quasit misses you.
The quasit closely misses you. The small abomination hits you!
You die...

#. .. .# # #
.###. . ###.
....#.#
#.#.##..#..#
#...#....#
####.#..@..#
....#...x#...# ##
#...##5###..#
#..###....$# #.#
.......#..## .
#.#...5## #
##.x.#..# #. ###
#....#.#....
#..##X#.##..#.#..


You could see a small abomination, a quasit and a white imp.

Vanquished Creatures
  Grinder (D:4)
  Sigmund (D:2)
  Duvessa (D:4)
  A sky beast (D:4)
  An eye of draining (D:5)
  An ogre (D:5)
  A phantom (D:5)
  2 centaurs (D:5)
  Dowan (D:4)
  A wight (D:5)
  A howler monkey (D:4)
  2 crimson imps (D:5)
  A bullfrog zombie (D:5)
  2 hounds (D:5)
  A jelly (D:5)
  2 orc priests (D:5)
  An orc wizard (D:5)
  A centaur skeleton (D:5)
  An iguana (D:5)
  5 worker ants
  Natasha (thrice) (D:2)
  6 gnolls
  8 adders
  3 oozes
  2 worms (D:2)
  3 dart slugs
  2 leopard geckos (D:3)
  23 orcs
  A ball python (D:5)
  5 bats (D:1)
  9 giant cockroaches
  12 goblins
  8 hobgoblins
  3 jackals (D:1)
  5 quokkas
  3 frilled lizards
  A jackal skeleton (D:5)
  7 kobolds
  6 rats
138 creatures vanquished.

Vanquished Creatures (others)
  An eye of draining (D:5)
1 creature vanquished.

Grand Total: 139 creatures vanquished

Notes
Turn   | Place    | Note
-------+----------+-------------------------------------------
     0 | D:1      | thirtiethelement the Gnoll Fighter began the quest for the
                  | Orb.
     0 | D:1      | Reached XP level 1. HP: 23/23 MP: 1/1
   207 | D:1      | Reached XP level 2. HP: 29/29 MP: 2/2
   406 | D:1      | Reached XP level 3. HP: 35/35 MP: 3/3
   690 | D:2      | Reached skill level 1 in Invocations
   702 | D:2      | Noticed Natasha
   705 | D:2      | Killed Natasha
   705 | D:2      | Reached skill level 1 in Short Blades
   705 | D:2      | Reached skill level 1 in Long Blades
   705 | D:2      | Reached skill level 1 in Maces & Flails
   705 | D:2      | Reached skill level 1 in Polearms
   705 | D:2      | Reached skill level 1 in Staves
   705 | D:2      | Reached skill level 1 in Slings
   705 | D:2      | Reached skill level 1 in Bows
   705 | D:2      | Reached skill level 1 in Crossbows
   705 | D:2      | Reached skill level 1 in Throwing
   705 | D:2      | Reached skill level 1 in Dodging
   705 | D:2      | Reached skill level 1 in Stealth
   705 | D:2      | Reached skill level 1 in Unarmed Combat
   705 | D:2      | Reached skill level 1 in Spellcasting
   705 | D:2      | Reached skill level 1 in Evocations
   705 | D:2      | Reached XP level 4. HP: 41/41 MP: 5/5
   748 | D:2      | Noticed Sigmund
   760 | D:2      | Killed Sigmund
   760 | D:2      | Reached skill level 1 in Conjurations
   760 | D:2      | Reached skill level 1 in Hexes
   760 | D:2      | Reached skill level 1 in Charms
   760 | D:2      | Reached skill level 1 in Summonings
   760 | D:2      | Reached skill level 1 in Necromancy
   760 | D:2      | Reached skill level 1 in Translocations
   760 | D:2      | Reached skill level 1 in Transmutations
   760 | D:2      | Reached skill level 1 in Fire Magic
   760 | D:2      | Reached skill level 1 in Ice Magic
   760 | D:2      | Reached skill level 1 in Air Magic
   760 | D:2      | Reached skill level 1 in Earth Magic
   760 | D:2      | Reached skill level 1 in Poison Magic
   760 | D:2      | Reached XP level 5. HP: 35/47 MP: 5/7
   760 | D:2      | Reached XP level 6. HP: 39/53 MP: 5/8
  1078 | D:2      | Found an ancient bone altar of Kikubaaqudgha.
  1270 | D:2      | Noticed Natasha
  1279 | D:2      | Killed Natasha
  1279 | D:2      | Reached skill level 5 in Axes
  1485 | D:2      | Found a shimmering blue altar of Sif Muna.
  1600 | D:2      | Noticed Natasha
  1606 | D:2      | Killed Natasha
  2007 | D:3      | Found an ornate altar of the Wu Jian Council.
  2178 | D:3      | Reached XP level 7. HP: 36/59 MP: 10/10
  2640 | D:4      | Noticed Dowan
  2646 | D:4      | Killed Dowan
  2646 | D:4      | Noticed Duvessa
  2662 | D:4      | Killed Duvessa
  2954 | D:4      | You fall into a shaft and drop 1 floor!
  2954 | D:5      | Entered Level 5 of the Dungeon
  2982 | D:5      | Found an iron altar of Okawaru.
  3006 | D:5      | Became a worshipper of Warmaster Okawaru
  3053 | D:5      | Found a staircase to the Ecumenical Temple.
  3170 | D:4      | Reached XP level 8. HP: 67/67 MP: 12/12
  3263 | D:4      | Got a polished mace
  3264 | D:4      | Gained mutation: You are frail. (-10% HP) [potion of
                  | mutation]
  3264 | D:4      | Gained mutation: Your spells are a little harder to cast,
                  | but a little more powerful. [potion of mutation]
  3265 | D:4      | Identified the +8 mace of Malaise {distort, rPois MR-
                  | Str+3} (You found it on level 4 of the Dungeon)
  3329 | D:4      | Noticed Grinder
  3336 | D:4      | Killed Grinder
  3336 | D:4      | Reached * piety under Okawaru
  3366 | D:4      | Found a hazy altar of Hepliaklqana.
  3366 | D:4      | Found a radiant altar of Vehumet.
  3519 | D:5      | Reached ** piety under Okawaru
  3825 | D:5      | Reached XP level 9. HP: 64/64 MP: 14/14
  4016 | D:5      | Found a burning altar of Makhleb.
  4017 | D:5      | Found a shimmering altar of Xom.
  4157 | D:5      | Found a bloodstained altar of Trog.
  4177 | D:5      | Cast into level 2 of the Abyss (unwielding a weapon of
                  | distortion)
  4204 | Abyss:2  | Found a corrupted altar of Lugonu.
  4214 | Abyss:2  | Got a distressingly furry chain mail
  4224 | Abyss:2  | Noticed a starcursed mass
  4227 | Abyss:2  | Noticed a large abomination
  4234 | Abyss:2  | Noticed a smoke demon
  4299 | Abyss:2  | Noticed a rakshasa
  4308 | Abyss:2  | HP: 3/65 [thrashing horror collision (6)]
  4339 | Abyss:2  | Noticed an ancient zyme
  4381 | Abyss:2  | HP: 1/65 [ancient zyme (6)]
  4409 | Abyss:2  | Mangled by a small abomination

Illustrated notes

Levels and vault maps discovered:
D:1:      matt_arrival_spirals, layout_basic
D:2:      layout_loops_corners, old_standard_altar, led_sif_pool, uniq_natasha,
          uniq_sigmund
D:3:      layout_loops_ring, overflow_temple_1_default
D:4:      layout_rooms, gammafunk_temple_overflow_elements, uniq_grinder,
          uniq_duvessa
D:5:      layout_rooms, grunt_temple_overflow_champion_of_chaos,
          lemuel_crystal_altar, trog_eyes_of_draining,
          minmay_temple_entry_slanted, first_ration, minmay_manual_monolith
Abyss:2:  base: D:4, minivault_19, minivault_26,
          evilmike_abyss_exit_smiterflies, eino_small_chamber_without_monster

Skill      XL: |  1  2  3  4  5  6  7  8 |
---------------+-------------------------+-----
Invocations    | 1 2 3 4 |  4.3
Short Blades   | 1 2 3 |  3.9
Long Blades    | 1 2 3 |  3.9
Maces & Flails | 1 2 3 |  3.9
Polearms       | 1 2 3 |  3.9
Staves         | 1 2 3 |  3.9
Slings         | 1 2 3 |  3.9
Bows           | 1 2 3 |  3.9
Crossbows      | 1 2 3 |  3.9
Throwing       | 1 2 3 |  3.9
Dodging        | 1 2 4 |  4.4
Stealth        | 1 2 3 |  3.9
Unarmed Combat | 1 2 3 |  3.9
Spellcasting   | 1 2 3 |  3.9
Evocations     | 1 2 3 |  3.9
Conjurations   | 1 2 3 |  3.2
Hexes          | 1 2 3 |  3.2
Charms         | 1 2 3 |  3.2
Summonings     | 1 2 3 |  3.2
Necromancy     | 1 2 3 |  3.2
Translocations | 1 2 3 |  3.2
Transmutations | 1 2 3 |  3.2
Fire Magic     | 1 2 3 |  3.2
Ice Magic      | 1 2 3 |  3.2
Air Magic      | 1 2 3 |  3.2
Earth Magic    | 1 2 3 |  3.2
Poison Magic   | 1 2 3 |  3.2
Axes           | 5 6 |  6.1
Fighting       | 7 |  7.7
Armour         | 7 |  7.7
Shields        | 7 |  7.7

Action                   |  1- 3 |  4- 6 |  7- 9 || total
-------------------------+-------+-------+-------++-------
Melee: War axe           |    68 |   126 |   118 ||   312
       Bite              |     4 |    18 |    21 ||    43
       Unarmed           |       |     2 |       ||     2
       Mace              |       |       |    76 ||    76
  Use: Scroll            |     4 |       |     9 ||    13
       Potion            |       |       |     1 ||     1
  Eat: Chunk             |       |     2 |     6 ||     8
       Ration            |       |     1 |       ||     1
Armor: Scale mail        |    34 |    44 |    52 ||   130
Dodge: Dodged            |    23 |    48 |   110 ||   181
Block: Kite shield       |    43 |    72 |   121 ||   236

Table legend:
 A = Non-vault XP
 B = Vault XP
 C = Vault XP percentage of total XP
 D = Non-vault monster count
 E = Vault monster count
 F = Vault count percentage of total count
                 A         B        C        D         E       F
            +---------+---------+-------+---------+---------+-------
      Total |    1595 |    1211 |  43.2 |     126 |      13 |   9.4
            +---------+---------+-------+---------+---------+-------
        D:1 |      54 |       0 |   0.0 |      27 |       0 |   0.0
        D:2 |     172 |     258 |  60.0 |      24 |       2 |   7.7
        D:3 |     175 |       0 |   0.0 |      28 |       0 |   0.0
        D:4 |     282 |     499 |  63.9 |      13 |       3 |  18.8
        D:5 |     912 |     454 |  33.2 |      34 |       8 |  19.0
            +---------+---------+-------+---------+---------+-------
